 Dungeon Crawl Stone Soup version 0.18-a0-1778-gadce9fa (webtiles) character file.

47 nono the Sneak (level 3, 0/16 HPs)
             Began as a Vine Stalker Enchanter on Apr 16, 2016.
             Slain by a worm (9 damage)
             ... on level 2 of the Dungeon.
             The game lasted 00:02:56 (808 turns).

nono the Sneak (Vine Stalker Enchanter)              Turns: 808, Time: 00:02:56

Health: 0/16       AC:  3    Str: 10    XL:     3   Next: 70%
Magic:  0/7        EV: 12    Int: 16    God:
Gold:   103        SH:  0    Dex: 14    Spells: 2 memorised, 4 levels left

rFire  . . .     SeeInvis .     a - +1 dagger
rCold  . . .     Gourm    .     b - +1 robe
rNeg   . . .     Faith    .     (no shield)
rPois  .         Spirit   +     (no helmet)
rElec  .         Dismiss  .     (no cloak)
rCorr  .         Reflect  .     (no gloves)
SustAt .         Harm     .     (no boots)
MR     .....                    (no amulet)
Stlth  +++.......               (no ring)
                                (no ring)

@: very slightly contaminated, not resistant to hostile enchantments, fairly
stealthy
A: fangs 2, regeneration 1, magic shield, antimagic bite, no device heal 3, rot
immunity
a: no special abilities


You were on level 2 of the Dungeon.
You were not hungry.

You visited 1 branch of the dungeon, and saw 2 of its levels.

You collected 103 gold pieces.

Inventory:

Hand Weapons
 a - a +1 dagger (weapon)
Armour
 b - a +1 robe (worn)
Jewellery
 h - an uncursed ring of ice
Scrolls
 e - a scroll of remove curse {unknown}
 j - a scroll of fear {unknown}
Potions
 g - a potion of mutation {unknown}
 i - a potion of degeneration {unknown}
 l - a potion of curing {unknown}
Books
 c - a book of Maledictions

   Spells                             Type                      Level
   a - Corona                         Hexes                        1
   b - Ensorcelled Hibernation        Hexes/Ice                    2
   c - Confuse                        Hexes                        3
   d - Tukima's Dance                 Hexes                        3
   e - Dazzling Spray                 Conjuration/Hexes            3
Comestibles
 d - a bread ration
 f - a beef jerky
 k - a slice of pizza


   Skills:
 + Level 1.6 Short Blades
 - Level 1.5 Dodging
 + Level 4.2 Stealth
 + Level 2.5 Spellcasting
 + Level 3.5 Hexes


You had 4 spell levels left.
You knew the following spells:

 Your Spells              Type           Power        Failure   Level  Hunger
a - Corona                Hex            ##.....      6%          1    #......
b - Ensorcelled Hibernat  Hex/Ice        #.....       17%         2    ##.....


Dungeon Overview and Level Annotations

Branches:
Dungeon (2/15)

Altars:


Innate Abilities, Weirdness & Mutations

You have extremely sharp teeth.
Your natural rate of healing is unusually fast.
When hurt, damage is shared between your health and your magic reserves.
Your bite disrupts and absorbs the magic of your enemies.
Potions and wands cannot restore your health.
You are immune to rotting.


Message History

The worm is heavily wounded.
The worm bites you!
Ouch! That really hurt!
Casting: Ensorcelled Hibernation
Confirm with . or Enter, or press ? or * to list all spells.
Aiming: Ensorcelled Hibernation
Press: ? - help, Shift-Dir - straight line, f/p - worm
Aim: a worm (heavily wounded, chance to defeat MR: 48%)
You miscast Ensorcelled Hibernation.
You are very lightly contaminated with residual magic.
The light around you dims momentarily.
Casting: Ensorcelled Hibernation
Confirm with . or Enter, or press ? or * to list all spells.
You don't have enough magic to cast that spell.
Unknown command.
You hit the worm.
The worm is heavily wounded.
The worm bites you!
Ouch! That really hurt!
You die...

##†w#####'#....#..#
#.#....##.##..†..#
#.###[.#.[(#..#
#..##..##.##..#
##.##...###.).#
#....#.....#.## ###
#.)####....#..####....
.....# #.##.w..#....#
#....<#
#.####w@..##############
####... #.#
#...................
##.. ..#
#.##.###############
###. #.#... #.# #...##
#.# #... #.. ..# ##. #.
.# ######## ........


You could see 2 worms.

Vanquished Creatures
  2 adders (D:2)
  A worm (D:2)
  A dart slug (D:1)
  A giant gecko (D:1)
  A giant cockroach (D:1)
  4 goblins
  A hobgoblin (D:2)
  4 bats
  4 kobolds
  4 rats
23 creatures vanquished.

Notes
Turn   | Place    | Note
--------------------------------------------------------------
     0 | D:1      | nono the Vine Stalker Enchanter began the quest for the Orb.
     0 | D:1      | Reached XP level 1. HP: 9/9 MP: 4/4
     7 | D:1      | Reached skill level 1 in Short Blades
   100 | D:1      | Reached XP level 2. HP: 13/13 MP: 6/6
   429 | D:1      | Reached skill level 4 in Stealth
   648 | D:2      | Reached XP level 3. HP: 16/16 MP: 7/7
   652 | D:2      | Learned a level 2 spell: Ensorcelled Hibernation
   808 | D:2      | Slain by a worm

Vault maps used:
D:1:      dpeg_arrival_tiny_h
D:2:      first_bread, minmay_joined_circles

Skill      XL: |  1  2 |
---------------+-------+-----
Short Blades   | 1 |  1.6
Stealth        | 4 |  4.2
Dodging        | |  1.5
Spellcasting   | |  2.5
Hexes          | |  3.5

Action                   || total
-------------------------++-------
Melee: Dagger            ||    71
       Bite              ||     8
 Cast: Ensorcelled Hiber ||     6
       Corona            ||     1
 Stab: Sleeping          ||    11
Armor: Robe              ||    13
Dodge: Dodged            ||    40
